 Dungeon Crawl Stone Soup version 0.20-a0-1017-gc3250ce (webtiles) character file.

5 4thArraOfDagon the Firebug (level 1, -4/11 HPs)
             Began as a Barachi Fire Elementalist on Apr 16, 2017.
             Shot with a stone by a goblin (6 damage)
             ... on level 2 of the Dungeon.
             The game lasted 00:01:17 (219 turns).

4thArraOfDagon the Firebug (BaFE)                    Turns: 219, Time: 00:01:18

Health: -4/11      AC:  2    Str:  9    XL:     1   Next: 80%
Magic:  2/3        EV: 12    Int: 17    God:
Gold:   31         SH:  0    Dex: 12    Spells: 3/4 levels left

rFire    + . .     SeeInvis .   g - +0 dagger
rCold    . . .     Gourm    .   (no shield)
rNeg     . . .     Faith    .   a - +0 robe
rPois    .         Spirit   .   (no helmet)
rElec    .         Reflect  .   (no cloak)
rCorr    .         Harm     .   (no gloves)
MR       .....                  (no boots)
Stlth    ++........             (no amulet)
Regen    0.0/turn               d - ring of flight
MPRegen  0.1/turn               (no ring)

@: very slightly contaminated, slow
A: +LOS, swims, clever 1, fire resistance 1, frail 1, slowness 1, inhibited
regeneration, strong legs 1
a: Hop, Evoke Flight


You were on level 2 of the Dungeon.
You were not hungry.

You visited 1 branch of the dungeon, and saw 2 of its levels.

You collected 31 gold pieces.

Inventory:

Hand Weapons
 g - a +0 dagger (weapon)
Armour
 a - a +0 robe (worn)
Jewellery
 d - a ring of flight (left hand)
Books
 b - a book of Flames

   Spells                             Type                      Level
   a - Flame Tongue                   Conjuration/Fire             1
   b - Throw Flame                    Conjuration/Fire             2
   c - Conjure Flame                  Conjuration/Fire             3
   d - Inner Flame                    Hexes/Fire                   3
   e - Sticky Flame                   Conjuration/Fire             4
   f - Fireball                       Conjuration/Fire             5
Comestibles
 c - 2 bread rations


   Skills:
 - Level 2.1 Dodging
 - Level 1.7 Stealth
 + Level 2.3 Spellcasting
 * Level 1.4 Conjurations
 * Level 3.4 Fire Magic


You had 3 spell levels left.
You knew the following spells:

 Your Spells              Type           Power        Failure   Level  Hunger
a - Flame Tongue          Conj/Fire      ##...        10%         1    #......


Dungeon Overview and Level Annotations

Branches:
Dungeon (2/15)

Altars:
Makhleb


Innate Abilities, Weirdness & Mutations

Shadows flee at your approach. (+LOS)
You can swim through water.
You cover ground slowly.
You can hop short distances.
Your mind is acute. (Int +2)
Your flesh is heat resistant. (rF+)
You are frail. (-10% HP)
You do not regenerate when monsters are visible.


Message History

The creatures around you are filled with an inner flame!
It was a scroll of immolation.
The goblin barely misses you.
The goblin wields an uncursed hunting sling.
The goblin shoots a stone.
The stone closely misses you.
You see here 2 stones.
Unknown command.
The goblin shoots a stone.
The stone hits you.
* * * LOW HITPOINT WARNING * * *
You see here a stone.
Unknown command.
Casting: Flame Tongue
Confirm with . or Enter, or press ? or * to list all spells.
Aiming: Flame Tongue
Press: ? - help, Shift-Dir - straight line, f - goblin
Aim: a goblin, wielding a hunting sling (inner flame)
You miscast Flame Tongue.
You are very lightly contaminated with residual magic.
Nothing appears to happen.
The goblin shoots a stone.
The stone hits you.
Ouch! That really hurt!
You die...

### #.#
###########.#
#.(......##.#
##@#####.##.#
#.(# #....#
##.#
###..######.
#g# ##........
#S# #.#####..
## #g# #.###..
..###
#w#######.#...
....
..........#.#
..#
............#


You could see a worm (inner flame), an adder (inner flame) and 2 goblins.

Vanquished Creatures
  2 bats
  2 giant cockroaches
  A kobold (D:2)
5 creatures vanquished.

Notes
Turn   | Place    | Note
-------+----------+-------------------------------------------
     0 | D:1      | 4thArraOfDagon the Barachi Fire Elementalist began the quest for the Orb.
     0 | D:1      | Reached XP level 1. HP: 13/13 MP: 3/3
   118 | D:2      | Found a burning altar of Makhleb.
   118 | D:2      | Noticed a balrug
   211 | D:2      | Gained mutation: Your flesh is heat resistant. (rF+) [potion of mutation]
   211 | D:2      | Gained mutation: You are frail. (-10% HP) [potion of mutation]
   211 | D:2      | Gained mutation: You do not regenerate when monsters are visible. [potion of mutation]
   211 | D:2      | Gained mutation: Your mind is acute. (Int +2) [potion of mutation]
   219 | D:2      | Shot with a stone by a goblin

Vault maps used:
D:1:      eino_arrival_druids_welcome
D:2:      first_bread, makhleb_altar_promises_db

Action                   || total
-------------------------++-------
Melee: Dagger            ||    17
       Unarmed           ||     4
 Cast: Flame Tongue      ||     5
  Use: Scroll            ||     1
       Potion            ||     1
Armor: Robe              ||    13
Dodge: Dodged            ||    36
